Map: Dédale EC

Players

Arroww

  • Race: Protoss Protoss
  • League: Diamond
  • Spawn Location: 1:00

HoldTheDoor - Winner!

  • Race: Protoss Protoss
  • League: Diamond
  • Spawn Location: 7:00

VOD

Have the link to the VOD?

Description

Time

  • Played on: July 16, 2018, 5:12 a.m.
  • Length: 5:16
Show
View Real Time Build Order
Export as new Build Order

Arroww Protoss 

Build Orders: Blink Stalkers 

Get SALT Encoding   

  12  0:00  Probe  
  13  0:13  Probe  
  14  0:18  Pylon  
  14  0:25  Probe  
  15  0:36  Gateway  
  15  0:38  Probe  
  16  0:45  Assimilator  
  16  0:50  Probe  
  17  1:03  Probe  
  18  1:10  Gateway  
  18  1:15  Probe  
  19  1:20  Pylon  
  19  1:27  Cybernetics Core  
  19  1:39  Probe  
  20  1:42  Assimilator  
  20  1:51  Probe  
  21  2:03  Probe  
  21  2:04  Warp Gate  
  22  2:13  Pylon  
  22  2:21  Nexus  
  22  2:27  Probe  
  23  2:35  Stalker  
  25  2:39  Stalker  
  27  2:50  Twilight Council  
  27  2:58  Stalker  
  27  3:01  Pylon  
  28  3:13  Blink  
  28  3:20  Stalker  
  30  3:45  Probe x2  
  32  3:58  Forge  
  32  4:03  Gateway  
  32  4:04  Gateway  
  32  4:08  Probe  
  32  4:09  Probe  
  34  4:15  Pylon  
  34  4:20  Stalker  
  36  4:24  Probe  
  36  4:26  Probe  
  38  4:36  Probe  
  38  4:38  Probe  
  36  4:51  Zealot x2  
  26  5:00  Sentry x2  
Show
View Real Time Build Order
Export as new Build Order

HoldTheDoor Protoss - Winner!

Build Orders:  

Get SALT Encoding   

  12  0:01  Probe  
  13  0:13  Probe  
  14  0:20  Pylon  
  14  0:25  Probe  
  15  0:38  Probe, Gateway  
  16  0:45  Assimilator  
  16  0:46  Probe  
  16  0:54  Probe  
  17  0:58  Assimilator  
  18  1:09  Gateway  
  18  1:13  Probe  
  19  1:31  Cybernetics Core  
  19  1:35  Probe  
  21  1:47  Probe  
  21  1:57  Pylon  
  21  1:59  Probe  
  22  2:12  Probe  
  22  2:15  Stalker x2  
  27  2:24  Probe  
  27  2:26  Warp Gate  
  28  2:37  Pylon  
  28  2:39  Pylon  
  28  2:41  Probe  
  29  2:45  Stalker  
  31  2:55  Stalker  
  31  2:57  Gateway  
  33  3:09  Robotics Facility  
  33  3:45  Immortal  
  33  3:53  Stalker  
  39  4:01  Pylon  
  41  4:16  Immortal, Pylon  
  39  4:18  Pylon  
  43  4:38  Stalker  
  43  4:39  Stalker x2  
Tags
 
Composition
Blink Stalkers
Matchup
PvP
Spawn Locations
Cross Positions
Add a new tag
Caveats
  • Supply blocks, unpowered buildings, or Contaminate may cause inaccurate times.
  • Supply counts are checked every 10 seconds.